 Dungeon Crawl Stone Soup version 0.22-a0-601-gb0ed703 (webtiles) character file.

23 sking99 the Ruffian (level 2, 0/24 HPs)
             Began as a Draconian Transmuter on July 6, 2018.
             Slain by a quokka (4 damage)
             ... on level 2 of the Dungeon.
             The game lasted 00:03:25 (1369 turns).

sking99 the Ruffian (Draconian Transmuter)          Turns: 1369, Time: 00:03:26

Health: 0/24       AC:  4    Str: 12    XL:     2   Next: 75%
Magic:  4/5        EV: 12    Int: 13    God:
Gold:   51         SH:  0    Dex: 11    Spells: 2/5 levels left

rFire    . . .     SeeInvis .     - Unarmed
rCold    . . .     Gourm    .   (no shield)
rNeg     . . .     Faith    .   (armour unavailable)
rPois    .         Spirit   .   (helmet restricted)
rElec    .         Reflect  .   (no cloak)
rCorr    .         Harm     .   (no gloves)
MR       .....                  (boots currently unavailable)
Stlth    +.........             (no amulet)
HPRegen  0.08/turn              (no ring)
MPRegen  0.09/turn              (no ring)

@: appendage (expiring)
A: unfitting armour, talons 3, cold-blooded, AC +4
a: End Transformation


You were on level 2 of the Dungeon.
You were not hungry.
You had grown temporary talons.
You visited 1 branch of the dungeon, and saw 2 of its levels.

You collected 51 gold pieces.

Inventory:

Missiles
 a - 12 arrows
Scrolls
 b - 4 scrolls of identify {unknown}
 e - 3 scrolls of remove curse {unknown}
 g - a scroll of blinking {unknown}
 h - 2 scrolls of enchant armour {unknown}
 l - a scroll of immolation {unknown}
Potions
 d - a potion of brilliance {unknown}
 f - 2 potions of berserk rage {unknown}
 j - 2 potions of curing {unknown}
 k - a potion of ambrosia {unknown}
 m - 2 potions of heal wounds {unknown}
 n - a potion of magic {unknown}
Comestibles
 c - 3 rations
 i - a chunk of flesh


   Skills:
 + Level 1.8 Fighting
 - Level 1.7 Dodging
 * Level 3.7 Unarmed Combat
 - Level 2.0 Spellcasting
 + Level 2.1 Transmutations


You had 2 spell levels left.
You knew the following spells:

 Your Spells              Type           Power        Failure   Level  Hunger
a - Beastly Appendage     Tmut           #.....       11%         1    ##.....
b - Sticks to Snakes      Tmut           #.......     16%         2    ###....

Your spell library contained the following spells:

 Spells                   Type           Power        Failure   Level  Hunger
 Spider Form              Tmut/Pois      #.........   45%         3    ####...
 Blade Hands              Tmut           #.........   96%         5    ######.
 Ice Form                 Ice/Tmut       #.......     86%         4    #####..


Dungeon Overview and Level Annotations

Branches:
Dungeon (2/15)

Altars:

Annotations:
D:2 Jessica


Innate Abilities, Weirdness & Mutations

Your plain brown scales are hard. (AC +4)
You cannot fit into any form of body armour.
You are cold-blooded and may be slowed by cold attacks.
You have claws for feet.


Message History

Jessica points at you and mumbles some strange words.
Pain shoots through your body! The quokka closely misses you.
You hit the quokka.
The quokka is almost dead.
Jessica barely misses you. The quokka misses you.
You hit Jessica but do no damage. Jessica hits you with a club.
The quokka barely misses you.
You hit Jessica.
Jessica is moderately wounded.
Jessica shouts, "You're disturbing me!
I'll have to kill you!" Jessica hits you but does no damage.
The quokka bites you.
* * * LOW HITPOINT WARNING * * *
Jessica hits you with a club.
* * * LOW HITPOINT WARNING * * *
Your transformation is almost over.
Jessica casts a spell.
Jessica blinks!
There is an open door here.
The quokka bites you.
You die...

#. ###.##..##### #.
#.......# #.#
#.####.## #.#####.##
#.# #.##.....###.#
#.#..........#
#...#####..###
#..##..?##..#
##.@#.§...#..##
#..@r.....#...######
#.†.#...[.#......>..
#...##.!.##..#######
#....#####..##
##.#.......##
#.##.....##
#.######.######
#...............###


You could see Jessica and a quokka.

Vanquished Creatures
  A ball python (D:2)
  5 bats
  6 goblins
  5 kobolds
  A quokka (D:2)
  A frilled lizard (D:1)
  3 rats
22 creatures vanquished.

Notes
Turn   | Place    | Note
-------+----------+-------------------------------------------
     0 | D:1      | sking99 the Draconian Transmuter began the quest for the Orb.
     0 | D:1      | Reached XP level 1. HP: 16/16 MP: 3/3
   367 | D:1      | Reached XP level 2. HP: 16/23 MP: 3/5
   723 | D:1      | Learned a level 2 spell: Sticks to Snakes
  1361 | D:2      | Noticed Jessica
  1369 | D:2      | Slain by a quokka

Vault maps used:
D:1:      matt_arrival_debris
D:2:      first_ration, grunt_decor_resistance, kennysheep_jessica_study

Action                   || total
-------------------------++-------
Melee: Unarmed           ||    72
       Tailslap          ||     6
       Kick              ||     5
 Cast: Beastly Appendage ||    10
 Stab: Sleeping          ||     1
  Eat: Chunk             ||     2
Armor: Skin              ||    30
Dodge: Dodged            ||    64

Table legend:
 A = Spawn XP
 B = Non-spawn XP
 C = Spawn XP percentage of total XP
 D = Spawn monster count
 E = Non-spawn monster count
 F = Spawn count percentage of total count
 G = Total turns spent on level
                    A         B        C        D         E        F      G
               +---------+---------+-------+---------+---------+-------+---------
         Total |       0 |      34 |   0.0 |       0 |      22 |   0.0 |  1369
               +---------+---------+-------+---------+---------+-------+---------
           D:1 |       0 |      15 |   0.0 |       0 |      10 |   0.0 |   846
           D:2 |       0 |      19 |   0.0 |       0 |      12 |   0.0 |   523
               +---------+---------+-------+---------+---------+-------+---------
